 Dungeon Crawl Stone Soup version 0.28.0-53-g5a82cb258f (webtiles) character file.

Game seed: 14227373114801218928

27159 Labrat the Thaumaturge (level 12, -7/97 HPs)
             Began as a Demigod Conjurer on Aug 13, 2022.
             Shot with an arrow by Nessos (20 damage)
             ... on level 4 of the Lair of Beasts on Aug 14, 2022.
             The game lasted 01:07:46 (26749 turns).

Labrat the Thaumaturge (Demigod Conjurer)          Turns: 26749, Time: 01:07:47

Health: -7/97      AC:  9    Str:  8    XL:     12   Next: 66%
Magic:  18/33      EV: 12    Int: 39    God:
Gold:   1168       SH:  0    Dex: 18    Spells: 29/36 levels left

rFire   + . .      SeeInvis .   Z - +3 flail (protect)
rCold   . . .      Faith    .   (no shield)
rNeg    . . .      Spirit   .   M - +0 steam dragon scales
rPois   .          Reflect  .   B - +2 helmet {Int+3}
rElec   .          Harm     .   u - scarf {repulsion}
rCorr   .          Rampage  .   K - +0 pair of gloves
Will    +....                   (no boots)
Stlth   ++........              L - amulet of magic regeneration
HPRegen 0.26/turn               v - ring of protection from fire
MPRegen 0.63/turn               A - +6 ring of dexterity

@: repel missiles
A: high MP 1, forlorn, divine attributes
a: no special abilities


You were on level 4 of the Lair of Beasts.
You visited 2 branches of the dungeon, and saw 16 of its levels.
You also visited: Ossuary and Volcano.

You collected 1168 gold pieces.

Inventory:

Hand Weapons
 Z - a +3 flail of protection (weapon)
Missiles
 b - 20 poisoned darts
 t - 6 throwing nets
Armour
 m - the +1 robe of Mumblety Peg {Stlth+}
   (You found it on level 3 of the Dungeon)

   Stlth:     It makes you more stealthy.
 u - a scarf of repulsion (worn)
 B - a +2 helmet of intelligence (worn)
 K - a +0 pair of gloves (worn)
 M - +0 steam dragon scales (worn)
 P - the +0 kite shield of Qulovi {rC- Will++ Str+10 Int-3}
   (You found it on level 2 of the Lair of Beasts)

   Str:       It affects your strength (+10).
   Int:       It affects your intelligence (-3).
   rC:        It makes you vulnerable to cold.
   Will:      It greatly increases your willpower.
Magical Staves
 a - a staff of conjuration
 E - a staff of cold
Jewellery
 c - a ring of see invisible
 v - a ring of protection from fire (left hand)
 y - a ring of fire
 A - a +6 ring of dexterity (right hand)
 G - a ring of flight
 L - an amulet of magic regeneration (around neck)
 W - a ring of magical power
Wands
 j - a wand of iceblast (26)
 l - a wand of acid (15)
 J - a wand of flame (6)
Scrolls
 e - a scroll of holy word
 g - a scroll of magic mapping
 h - 2 scrolls of enchant armour
 i - 2 scrolls of noise
 p - 6 scrolls of fear
 q - a scroll of silence
 w - 2 scrolls of enchant weapon
 C - 2 scrolls of torment
 D - 2 scrolls of summoning
 F - 3 scrolls of vulnerability
 O - a scroll of amnesia {unknown}
 R - 5 scrolls of teleportation
 S - 3 scrolls of blinking
 T - 3 scrolls of brand weapon
 U - a scroll of immolation {unknown}
 Y - a scroll of fog {unknown}
Potions
 d - 8 potions of curing
 f - 5 potions of heal wounds
 k - 3 potions of lignification
 n - a potion of attraction {unknown}
 o - 3 potions of might
 r - 5 potions of magic {unknown}
 s - 6 potions of brilliance
 x - 2 potions of invisibility {unknown}
 z - a potion of flight {unknown}
 I - a potion of berserk rage {unknown}
 N - 3 potions of mutation {unknown}
 Q - a potion of degeneration {unknown}
 V - a potion of cancellation {unknown}
 X - a potion of resistance {unknown}


   Skills:
 + Level 6.6 Fighting
 - Level 1.7 Dodging
 - Level 1.7 Stealth
 + Level 12.5 Spellcasting
 - Level 8.0 Conjurations
 - Level 10.0 Ice Magic
 + Level 6.6 Evocations


You had 29 spell levels left.
You knew the following spells:

 Your Spells              Type           Power      Damage    Failure   Level
a - Magic Dart            Conj           100%       1d8       1%          1
b - Searing Ray           Conj           100%       2d8       1%          2
c - Iskenderun's Mystic   Conj/Tloc      54%        2d12      2%          4

Your spell library contained the following spells:

 Spells                   Type           Power      Damage    Failure   Level
 Beastly Appendage        Tmut           48%        N/A       1%          1
 Ensorcelled Hibernation  Hex/Ice        100%       N/A       1%          2
 Dazzling Flash           Conj/Hex       100%       N/A       1%          3
 Frozen Ramparts          Ice            100%       1d12      1%          3
 Ozocubu's Armour         Ice            80%        N/A       1%          3
 Ice Form                 Ice/Tmut       59%        N/A       1%          4
 Summon Ice Beast         Ice/Summ       59%        N/A       1%          4
 Blink                    Tloc           48%        N/A       2%          2
 Wereblood                Tmut           24%        N/A       2%          2
 Fulminant Prism          Conj/Hex       27%        3d14      2%          4
 Lesser Beckoning         Tloc           24%        N/A       4%          3
 Spider Form              Tmut/Pois      24%        N/A       4%          3
 Anguish                  Hex/Necr       12%        N/A       14%         4
 Ozocubu's Refrigeration  Ice            40%        4d13      21%         7
 Lee's Rapid Deconstruct  Erth           12%        3d9*      38%         5
 Manifold Assault         Tloc           24%        N/A       38%         5
 Summon Forest            Summ/Tloc      12%        N/A       38%         5
 Summon Mana Viper        Hex/Summ       24%        N/A       38%         5
 Starburst                Conj/Fire      27%        6d9       41%         6
 Summon Cactus Giant      Summ           12%        N/A       92%         6
 Chain Lightning          Conj/Air       27%        3d36      100%        9
 Fire Storm               Conj/Fire      27%        8d7       100%        9
 Shatter                  Erth           12%        3d13*     100%        9


Dungeon Overview and Level Annotations

Branches:
Dungeon (12/15)            Temple (0/1) D:6            Lair (4/6) D:10
  Swamp (0/4) Lair:2        Snake (0/4) Lair:4          Orc (0/2) D:10
Ossuary (visited)         Volcano (visited)

Portals:
Trove: D:11 (give horn of Geryon)

Annotations:
D:8 1 runed translucent door, hitsuchi's ghost, novice TeBe
Lair:3 2 transporters, exclusion: oklob plant
Lair:4 Nessos


Innate Abilities, Weirdness & Mutations

You have an increased reservoir of magic. (+10% MP)
You shall have no god before yourself.
Your divine heritage dramatically boosts your attributes as you level up.


Message History

Nessos collides with the plant!
The plant is lightly damaged.
You hear an angry hiss. x2; You hear a deafening roar!
Nessos shoots an arrow.
The arrow closely misses you.
The komodo dragon hisses menacingly.
Nessos shoots an arrow.
The arrow hits you!
* * * LOW HITPOINT WARNING * * *
The arrow burns you.
You are poisoned.
* * * LOW HITPOINT WARNING * * *
Unknown command.
Casting: Iskenderun's Mystic Blast (dangerous; 2% risk of failure)
Confirm with . or Enter, or press ? or * to list all spells.
You don't know that spell.
Unknown command.
You feel better.
Nessos shoots an arrow.
The arrow hits you!
* * * LOW HITPOINT WARNING * * *
The arrow burns you.
You are lethally poisoned!
* * * LOW HITPOINT WARNING * * *
Nessos shoots an arrow.
The arrow closely misses you.
The water moccasin bites you but does no damage.
You feel better.
Nessos shoots an arrow.
The arrow closely misses you.
Nessos shoots an arrow.
The arrow closely misses you. The water moccasin closely misses you.
Unknown command.
Casting: Iskenderun's Mystic Blast (dangerous; 2% risk of failure)
Confirm with . or Enter, or press ? or * to list all spells.
You erupt in a blast of force!
The mystic blast hits Nessos!
Nessos is heavily wounded.
Nessos is knocked back by the mystic blast.
Nessos collides with the plant!
The plant is lightly damaged.
The mystic blast hits the water moccasin.
The water moccasin is heavily wounded.
The water moccasin is knocked back by the mystic blast.
The mystic blast hits the komodo dragon but does no damage.
The komodo dragon is almost dead.
A nearby plant withers and dies.
Nessos shoots an arrow.
The arrow hits you!!
You die...

##....##P.....##.#..##*,,,,,***,*
#.#...###....###.....#*,,,,,P*,,.
......# #....# #....###,,,,.#**,,
#.#...# #....# #......+,,,...**,,
###..P#*#....#*#.#).##......#**,*
###...#*.....P*##.####*.....# *,*
#P#..###......###..#.##.....#**..
..†..........................,,..
................@.S..........,,..
.................l...........,,..
.................c........P.#**#.
.....................###...## #*
...............#....## *..##
.............#..#....****..# **
.#......#...#....#....**,..# ***,
..#....#.≈..#...,*##...,,,,***,,,
..≈.....≈#,,,,,,,,***,,,**,,,,,,,


You could see Nessos (fast), a komodo dragon and a water moccasin.

Vanquished Creatures
  2 hydras
  3 two-headed ogres
  A hell knight (Volcano)
  Pikel (D:6)
  An ugly thing (D:12)
  3 cyclopes
  A manticore (D:9)
  4 elephants
  A black mamba (Lair:3)
  2 molten gargoyles (Volcano)
  A smoke demon (Volcano)
  3 rime drakes
  A gargoyle (D:10)
  2 cane toads
  9 komodo dragons
  4 red devils (Volcano)
  2 hornets
  A merfolk (D:9)
  Grinder (D:6)
  A polar bear (Lair:2)
  5 blink frogs (Lair:3)
  5 dream sheep (Lair:3)
  2 shadows
  The ghost of hitsuchi the Gusty, an amateur TeAE (D:4)
  A wraith (D:9)
  2 wyverns
  9 yaks (Lair:3)
  2 fire bats (Volcano)
  3 steam dragons
  4 vampire mosquitoes
  Menkaure (D:6)
  An acid dragon (D:11)
  15 water moccasins
  4 black bears
  5 orc warriors
  3 ice beasts
  2 sky beasts
  A necrophage (D:8)
  4 wolves (Lair:3)
  2 lemures (D:6)
  2 phantoms (D:5)
  7 centaurs
  2 kobold brigands
  6 bullfrogs
  Blork the orc (D:4)
  2 scorpions
  2 gnoll sergeants
  A water moccasin zombie (D:6)
  A water moccasin skeleton (D:6)
  11 killer bees
  6 electric eels
  4 lava snakes (Volcano)
  4 hounds
  4 orc priests
  7 centaur zombies
  A gnoll shaman (D:7)
  A bullfrog skeleton (D:6)
  A centaur skeleton (D:5)
  A scorpion zombie (D:5)
  An iguana (Lair:2)
  12 orc wizards
  A killer bee zombie (D:6)
  A hound skeleton (D:4)
  5 mummies (Ossuary)
  Robin (D:4)
  26 gnolls
  5 adders
  A white imp (D:7)
  A worm (D:2)
  2 dart slugs
  48 orcs
  4 ball pythons
  9 endoplasms
  2 giant cockroaches (D:1)
  46 goblins
  28 hobgoblins
  6 jackals
  18 kobolds
  3 quokkas
  4 bats
  2 frilled lizards
  7 hobgoblin zombies (Ossuary)
  4 rats
417 creatures vanquished.

Vanquished Creatures (others)
  An orc wizard (D:9)
  2 orcs (D:8)
  21 fungi
  40 plants
64 creatures vanquished.

Grand Total: 481 creatures vanquished

Notes
Turn   | Place    | Note
-------+----------+-------------------------------------------
     0 | D:1      | Labrat the Demigod Conjurer began the quest for the Orb.
     0 | D:1      | Reached XP level 1. HP: 14/14 MP: 5/5
   136 | D:1      | Reached skill level 2 in Spellcasting
   307 | D:1      | Reached XP level 2. HP: 8/20 MP: 0/7
  1340 | D:1      | Learned a level 2 spell: Searing Ray
  1531 | D:2      | Reached XP level 3. HP: 26/26 MP: 7/9
  2576 | D:3      | Identified the +1 robe of Mumblety Peg {Stlth+}
  2817 | D:3      | Reached skill level 3 in Spellcasting
  2817 | D:3      | Reached XP level 4. HP: 33/33 MP: 7/11
  3385 | D:4      | Noticed a kobold brigand
  3387 | D:4      | Found a runed translucent gate.
  3396 | D:4      | Found a runed translucent gate.
  3396 | D:4      | Found a runed translucent gate.
  3396 | D:4      | Noticed hitsuchi's ghost (amateur TeAE)
  3402 | D:4      | Reached skill level 5 in Conjurations
  3402 | D:4      | Reached XP level 5. HP: 33/38 MP: 4/13
  3692 | D:4      | Reached skill level 4 in Spellcasting
  3902 | D:4      | Noticed Robin
  4200 | D:4      | Killed Robin
  4201 | D:4      | Reached XP level 6. HP: 45/45 MP: 9/16
  4382 | D:4      | Noticed Blork the orc
  4399 | D:4      | Killed Blork the orc
  4400 | D:4      | Reached skill level 5 in Spellcasting
  4662 | D:5      | Entered Level 5 of the Dungeon
  4727 | D:5      | Reached skill level 1 in Fighting
  4906 | D:5      | Found a sand-covered staircase.
  5098 | Ossuary  | Entered an ossuary
  5106 | Ossuary  | Reached XP level 7. HP: 41/53 MP: 9/18
  5117 | Ossuary  | Learned a level 4 spell: Iskenderun's Mystic Blast
  6702 | D:5      | Reached skill level 6 in Spellcasting
  7195 | D:6      | Noticed Menkaure
  7198 | D:6      | Killed Menkaure
  7199 | D:6      | Reached XP level 8. HP: 35/66 MP: 15/20
  7308 | D:6      | Noticed Grinder
  7321 | D:6      | Paralysed by Grinder for 4 turns
  7329 | D:6      | Killed Grinder
  7516 | D:6      | Noticed Pikel
  7574 | D:6      | Killed Pikel
  7812 | D:6      | Reached skill level 5 in Fighting
  7876 | D:6      | Reached skill level 7 in Spellcasting
  8286 | D:6      | Reached XP level 9. HP: 61/74 MP: 14/23
  9420 | D:6      | Found a staircase to the Ecumenical Temple.
  9687 | D:7      | Noticed a cyclops
  9967 | D:7      | Reached skill level 8 in Spellcasting
 10042 | D:7      | Reached skill level 1 in Evocations
 10493 | D:7      | Killed a cyclops
 10848 | D:7      | Reached skill level 5 in Evocations
 11106 | D:8      | Paralysed by a hornet for 2 turns
 11686 | D:8      | Found a runed translucent door.
 11686 | D:8      | Noticed hitsuchi's ghost (novice TeBe)
 11689 | D:8      | Identified the +8 spear of Lies {drain, Dex+2}
 12240 | D:4      | Killed hitsuchi's ghost
 12241 | D:4      | Reached XP level 10. HP: 81/81 MP: 11/27
 12518 | D:9      | Reached skill level 9 in Spellcasting
 13149 | D:9      | Noticed a manticore
 13163 | D:9      | Killed a manticore
 13432 | D:9      | Reached skill level 10 in Spellcasting
 13793 | D:10     | Entered Level 10 of the Dungeon
 13816 | D:10     | Found a staircase to the Lair.
 14712 | D:10     | Reached skill level 11 in Spellcasting
 14894 | D:10     | Found a staircase to the Orcish Mines.
 15154 | D:10     | Noticed a two-headed ogre
 15167 | D:10     | Killed a two-headed ogre
 16086 | D:11     | Reached XP level 11. HP: 74/86 MP: 27/31
 16335 | D:11     | Noticed a two-headed ogre
 16352 | D:11     | Killed a two-headed ogre
 16353 | D:11     | Reached skill level 12 in Spellcasting
 16672 | D:11     | Reached skill level 1 in Ice Magic
 17195 | D:11     | Found a portal to a secret trove of treasure.
 17857 | D:12     | Noticed a two-headed ogre
 17870 | D:12     | Killed a two-headed ogre
 18365 | D:12     | Noticed a two-headed ogre
 18585 | D:12     | Reached skill level 5 in Ice Magic
 18742 | D:12     | Noticed a skeletal warrior
 18748 | D:12     | Noticed a skeletal warrior
 18764 | D:12     | Noticed a skeletal warrior
 19843 | Lair:1   | Entered Level 1 of the Lair of Beasts
 22678 | Lair:2   | Identified the +0 kite shield of Qulovi {rC- Will++ Str+10
                  | Int-3}
 22819 | Lair:2   | Found a staircase to the Swamp.
 23228 | Lair:2   | Reached XP level 12. HP: 70/94 MP: 2/32
 24061 | Lair:3   | Reached skill level 10 in Ice Magic
 24494 | Lair:3   | Noticed a four-headed hydra
 24649 | Lair:3   | Noticed an eight-headed hydra
 24661 | Lair:3   | Killed an eight-headed hydra
 24910 | Lair:3   | Found a transporter.
 25102 | Lair:3   | Found a transporter.
 25671 | Lair:4   | Found a dark tunnel.
 25679 | Volcano  | Entered a volcano
 26567 | Lair:4   | Noticed a five-headed hydra
 26587 | Lair:4   | Killed a five-headed hydra
 26743 | Lair:4   | Noticed Nessos
 26749 | Lair:4   | Shot with an arrow by Nessos

Illustrated notes

Levels and vault maps discovered:
D:1:      psy_arrival_dodecagon, layout_loops_ring
D:2:      layout_loops_corners, chequers_jeans
D:3:      layout_basic, hellmonk_ecumenical_altar_arch_garden, minivault_24
D:4:      layout_rooms, minitemple, gammafunk_ghost_nasty_kobolds,
          nicolae_grassy_gnolls, uniq_robin, uniq_blork_the_orc
D:5:      layout_layer_cave, nicolae_ossuary_entry_ruins, minivault_11,
          kennysheep_small_square
D:6:      minmay_goblin_kobold_castle, layout_basic,
          minmay_temple_entry_junction, uniq_menkaure, uniq_grinder, uniq_pikel
D:7:      layout_basic
D:8:      layout_loops_cross, ebering_ghost_funeral_grove
D:9:      layout_basic, hangedman_fish_farm
D:10:     layout_roguey, lemuel_doored_altar, david_lair_shrubbed, david_orc_5,
          eino_jars
D:11:     layout_basic, nicolae_trove_entry_free_sample, minivault_14,
          grunt_ministairs_4
D:12:     layout_cave_pools
Lair:1:   layout_loops_ring, minivault_25, lemuel_old_faithful
Lair:2:   layout_big_grid, minmay_swamp_entry_reptiles, gauntlet_entry_generic
Lair:3:   layout_roguey, nzn_ghost_randoct, hangedman_tree_tricks
Lair:4:   statuecave_lemuel, layout_regular_city,
          minmay_snake_entry_six_corridors, nicolae_volcano_entry_s_turn,
          infiniplex_staircase_pool, uniq_nessos

Skill      XL: |  1  2  3  4  5  6  7  8  9 10 11 12 |
---------------+-------------------------------------+-----
Spellcasting   | 2 3 4 5 6 7 8 11 12 | 12.5
Conjurations   | 4 5 6 7 8 |  8.0
Fighting       | 1 3 5 6 |  6.6
Evocations     | 5 6 |  6.6
Ice Magic      | 9 10 | 10.0
Dodging        | |  1.7
Stealth        | |  1.7

Action                   |  1- 3 |  4- 6 |  7- 9 | 10-12 || total
-------------------------+-------+-------+-------+-------++-------
Melee: Unarmed           |     1 |       |       |       ||     1
       Short sword       |       |    21 |    14 |       ||    35
       Punch             |       |     1 |       |     1 ||     2
       Mace              |       |       |    16 |       ||    16
       Flail             |       |       |    16 |    72 ||    88
 Cast: Magic Dart        |    96 |    88 |   208 |   208 ||   600
       Searing Ray       |     1 |    14 |    62 |   126 ||   203
       Iskenderun's Myst |       |       |    10 |   158 ||   168
Evoke: Wand              |       |       |     2 |     5 ||     7
  Use: Scroll            |       |       |     9 |    12 ||    21
       Potion            |       |       |       |     2 ||     2
 Stab: Sleeping          |       |       |       |     1 ||     1
Armor: Robe              |     3 |    10 |    64 |       ||    77
       Steam dragon scal |       |       |     5 |   142 ||   147
Dodge: Dodged            |     3 |    33 |   114 |   227 ||   377
       Repelled          |       |       |     3 |     7 ||    10
